Map: Sequencer LE

Players

PtitDrogo

  • Race: Protoss Protoss
  • League: Master
  • Spawn Location: 1:00

Gumiho - Winner!

  • Race: Terran Terran
  • League: Master
  • Spawn Location: 7:00

Event: HomeStory Cup XV

VOD

Have the link to the VOD?

Description

Time

  • Played on: July 22, 2017, 3:55 p.m.
  • Length: 10:05

All games in this series

Show
View Real Time Build Order
Export as new Build Order

PtitDrogo Protoss 

Build Orders: 1 Gate Expand, Oracle Opening 

Get SALT Encoding   

  12  0:00  Probe (Chrono Boost)  
  13  0:11  Probe (Chrono Boost)  
  14  0:17  Pylon  
  14  0:22  Probe (Chrono Boost)  
  16  0:35  Probe (Chrono Boost)  
  16  0:36  Gateway  
  16  0:46  Probe (Chrono Boost)  
  16  0:47  Assimilator  
  17  0:57  Probe (Chrono Boost)  
  18  1:07  Probe (Chrono Boost)  
  19  1:18  Probe (Chrono Boost)  
  20  1:23  Nexus  
  20  1:33  Cybernetics Core  
  20  1:36  Probe (Chrono Boost)  
  21  1:40  Assimilator  
  22  1:47  Probe (Chrono Boost)  
  22  1:52  Pylon  
  22  1:57  Probe (Chrono Boost)  
  23  2:10  Probe (Chrono Boost)  
  23  2:12  Adept (Chrono Boost)  
  23  2:13  Warp Gate  
  26  2:22  Probe  
  27  2:29  Stargate  
  27  2:34  Probe  
  27  2:40  Probe (Chrono Boost)  
  27  2:47  Probe (Chrono Boost)  
  27  2:48  Adept  
  30  2:52  Probe (Chrono Boost)  
  30  2:57  Probe (Chrono Boost)  
  32  3:02  Probe (Chrono Boost)  
  33  3:08  Probe (Chrono Boost)  
  32  3:12  Probe (Chrono Boost)  
  32  3:15  Adept  
  32  3:18  Probe (Chrono Boost)  
  34  3:25  Oracle (Chrono Boost)  
  36  3:28  Probe  
  36  3:33  Probe  
  38  3:38  Probe  
  39  3:45  Probe  
  40  3:49  Probe  
  40  3:55  Gateway  
  40  3:57  Probe  
  40  4:00  Probe  
  40  4:01  Gateway  
  42  4:09  Probe  
  43  4:16  Probe, Pylon  
  46  4:18  Pylon  
  46  4:21  Probe  
  45  4:26  Probe  
  46  4:34  Probe, Oracle (Chrono Boost)  
  46  4:37  Probe  
  50  4:40  Assimilator x2  
  50  4:43  Twilight Council  
  51  4:46  Probe  
  51  4:47  Forge, Probe  
  53  4:58  Probe (Chrono Boost), Sentry  
  53  4:59  Sentry  
  59  5:02  Mothership Core (Chrono Boost)  
  59  5:06  Protoss Ground Weapons Level 1  
  60  5:10  Probe (Chrono Boost)  
  60  5:12  Pylon  
  61  5:21  Probe (Chrono Boost)  
  62  5:23  Blink (Chrono Boost)  
  62  5:30  Probe  
  62  5:32  Stalker x2  
  62  5:33  Probe  
  68  5:39  Gateway  
  68  5:42  Probe, Gateway  
  69  5:44  Gateway  
  69  5:53  Pylon  
  69  5:59  Pylon  
  67  6:05  Sentry  
  69  6:12  Stalker x2  
  73  6:20  Pylon, Gateway  
  73  6:28  Sentry  
  75  6:36  Stalker x3  
  71  6:41  Stalker  
  73  6:51  Sentry  
  75  6:54  Pylon  
  75  6:56  Stalker  
  75  6:57  Pylon  
  77  7:01  Sentry x2  
  77  7:06  Nexus  
  77  7:13  Stalker  
  77  7:14  Stalker x2  
  80  7:20  Stalker  
  82  7:25  Stalker  
  82  7:26  Stalker  
  82  7:33  Sentry  
  82  7:35  Pylon  
  82  7:44  Adept x4  
  90  7:48  Sentry  
  90  7:49  Adept  
  94  7:52  Pylon x2  
  94  7:57  Stalker  
  96  8:06  Stalker x3  
  92  8:20  Stalker x3  
  92  8:23  Adept  
  89  8:40  Stalker x3  
  71  8:51  Adept x4  
  68  9:05  Sentry x2  
  68  9:08  Zealot  
  74  9:17  Adept x2  
  75  9:30  Adept x2  
  55  9:44  Adept x2  
  34  9:56  Stalker  
Show
View Real Time Build Order
Export as new Build Order

Gumiho Terran - Winner!

Build Orders: Reaper Expand, MMM Bio 

Get SALT Encoding   

  12  0:00  SCV  
  13  0:12  SCV  
  14  0:17  Supply Depot  
  14  0:25  SCV  
  15  0:39  SCV  
  15  0:40  Barracks  
  16  0:43  Refinery  
  16  0:51  SCV  
  17  1:03  SCV  
  18  1:15  SCV  
  19  1:27  Orbital Command, Reaper  
  20  1:41  Command Center  
  20  1:49  Refinery  
  20  1:53  SCV  
  21  2:00  Supply Depot  
  21  2:02  Reaper  
  21  2:05  SCV  
  23  2:18  Factory  
  23  2:21  SCV  
  24  2:33  SCV  
  24  2:35  Barracks Reactor  
  25  2:45  SCV  
  25  2:47  Barracks  
  26  2:55  Orbital Command  
  26  2:57  SCV  
  27  3:06  Cyclone  
  27  3:11  SCV  
  31  3:14  Marine x2  
  32  3:21  SCV  
  32  3:23  SCV  
  34  3:27  Engineering Bay  
  34  3:32  Marine x2  
  34  3:33  SCV  
  37  3:36  Barracks Tech Lab, SCV, Supply Depot  
  37  3:40  Factory Reactor  
  38  3:43  Supply Depot  
  38  3:45  SCV  
  39  3:50  SCV  
  39  3:55  Marine  
  41  3:56  Stimpack  
  41  3:57  SCV, Terran Infantry Weapons Level 1  
  41  4:00  Missile Turret  
  41  4:02  Marine  
  41  4:04  Marine  
  41  4:07  SCV  
  41  4:09  SCV  
  45  4:19  Cyclone x2  
  45  4:23  Supply Depot  
  51  4:24  Marine x2  
  51  4:26  Marine  
  54  4:31  SCV x2  
  54  4:38  Supply Depot  
  56  4:42  Marine x2  
  56  4:43  SCV x2  
  56  4:44  Marine  
  61  4:47  Supply Depot  
  61  4:51  Cyclone  
  64  4:53  Cyclone  
  64  4:56  SCV  
  64  4:57  SCV  
  69  5:01  Marine x2  
  69  5:02  Marine  
  72  5:09  Starport  
  72  5:11  SCV, Supply Depot  
  72  5:12  SCV  
  72  5:14  Refinery  
  74  5:19  Marine x3  
  77  5:22  Missile Turret  
  77  5:25  SCV x2  
  79  5:37  Marine x3, SCV x2  
  84  5:49  SCV x2  
  86  5:50  Command Center  
  86  5:51  Medivac  
  86  5:53  Medivac  
  86  5:54  Factory Reactor  
  90  6:01  Terran Infantry Armor Level 1  
  90  6:05  Supply Depot  
  90  6:07  Refinery  
  90  6:10  Marine x3  
  93  6:12  Combat Shields  
  93  6:22  Barracks  
  93  6:24  Barracks, Supply Depot  
  93  6:26  SCV, Barracks  
  93  6:27  SCV  
  93  6:28  Marine x2  
  97  6:36  Marine  
  84  6:42  Widow Mine x2  
  84  6:43  Medivac  
  84  6:44  SCV x2  
  84  6:46  Marine x2  
  93  6:54  Marine  
  93  6:56  SCV x2  
  96  7:03  Marine  
  95  7:08  SCV x2  
  95  7:09  Marine  
  95  7:12  Marauder  
  95  7:13  Marine x3  
  89  7:16  Orbital Command  
  89  7:18  Widow Mine x2  
  89  7:19  Medivac x2  
  89  7:20  SCV  
  89  7:21  Marine  
  98  7:23  SCV  
  98  7:26  Marine  
  94  7:33  Barracks Reactor, Barracks Tech Lab x2, Marauder  
  94  7:34  SCV  
  94  7:35  SCV, Missile Turret  
  92  7:37  Refinery  
  92  7:39  Marine  
  92  7:44  SCV  
  94  7:45  Supply Depot  
  94  7:46  SCV  
  94  7:47  SCV, Armory  
  94  7:50  Engineering Bay  
  96  7:53  Marauder  
  96  7:55  Marauder, Widow Mine  
  96  7:56  Widow Mine  
  96  7:58  Marauder  
  106  7:59  Marine x2  
  106  8:00  Concussive Shells  
  102  8:11  SCV x2  
  92  8:14  Marine  
  92  8:16  Marine  
  92  8:19  Marauder  
  81  8:20  Marine  
  81  8:25  Marine x3  
  82  8:27  SCV  
  82  8:29  SCV  
  82  8:32  Marauder, Widow Mine  
  82  8:33  Widow Mine  
  91  8:34  Marauder  
  91  8:35  Medivac  
  91  8:38  Medivac  
  89  8:42  Orbital Command, Marine  
  81  8:49  Marine x2  
  81  8:51  Marine  
  81  8:52  Marine  
  81  8:53  Marine  
  81  8:55  Marine  
  83  9:00  Marine  
  84  9:07  Marine x2  
  84  9:08  SCV x2  
  84  9:09  SCV, Marine  
  90  9:10  Marine  
  89  9:19  Marine  
  89  9:26  Marine  
  89  9:27  Marine  
  89  9:28  Marine x2  
  89  9:29  Marine x2  
  80  9:37  Marine  
  71  9:44  Marine x2  
  65  9:46  Marine x2  
  65  9:47  Marine x2  
Tags
 
Add a new tag
Caveats
  • Supply blocks, unpowered buildings, or Contaminate may cause inaccurate times.
  • Supply counts are checked every 10 seconds.